 Seeded DCSS version 0.29.1-15-g9cfb28693d (webtiles) character file.

Game seed: 7471983593030527255 (custom seed)

56 Twinkles the Conjurer (level 3, -1/18 HPs)
             Began as a Vine Stalker Conjurer on June 2, 2023.
             Slain by a ball python (2 damage)
             ... on level 3 of the Dungeon on June 3, 2023.
             The game lasted 00:04:50 (2491 turns).

Twinkles the Conjurer (Vine Stalker Conjurer)       Turns: 2491, Time: 00:04:50

Health: -1/18      AC:  3    Str:  9    XL:     3   Next: 95%
Magic:  0/8        EV:  8    Int: 20    God:
Gold:   123        SH:  0    Dex: 12    Spells: 4/7 levels left

rFire   . . .      SeeInvis .   d - +0 dagger
rCold   . . .      Faith    .   (no shield)
rNeg    + . .      Spirit   +   f - +0 leather armour
rPois   .          Reflect  .   (no helmet)
rElec   .          Harm     .   (no cloak)
rCorr   .          Rampage  .   (no gloves)
Will    .....                   (no boots)
Stlth   +.........              (no amulet)
HPRegen 0.06/turn               g - ring of positive energy
MPRegen 0.11/turn               (no ring)

@: confused, constricted
A: fangs 2, magic shield, antimagic bite, no potion heal 2
a: no special abilities


You were on level 3 of the Dungeon.
You visited 1 branch of the dungeon, and saw 3 of its levels.

You collected 145 gold pieces.
You spent 22 gold pieces at shops.

Inventory:

Hand Weapons
 d - a +0 dagger (weapon)
Armour
 a - a +0 robe
 f - a +0 leather armour (worn)
Jewellery
 g - a ring of positive energy (left hand)
 i - a ring of fire
Scrolls
 c - a scroll of vulnerability {unknown}
 e - 2 scrolls of fear {unknown}
 h - 3 scrolls of identify
 k - a scroll of torment {unknown}
 l - a scroll of brand weapon {unknown}
Potions
 b - a potion of magic
 j - a potion of degeneration {unknown}


   Skills:
 + Level 1.3 Fighting
 - Level 2.0 Dodging
 - Level 2.4 Stealth
 + Level 2.9 Spellcasting
 + Level 4.4 Conjurations


You had 4 spell levels left.
You knew the following spells:

 Your Spells              Type           Power      Damage    Failure   Level
a - Magic Dart            Conj           80%        1d7       3%          1
b - Searing Ray           Conj           40%        2d5       4%          2

Your spell library contained the following spells:

 Spells                   Type           Power      Damage    Failure   Level
 Beastly Appendage        Tmut           4%         N/A       21%         1
 Dazzling Flash           Conj/Hex       22%        N/A       24%         3
 Wereblood                Tmut           2%         N/A       30%         2
 Spider Form              Tmut/Pois      2%         N/A       52%         3
 Fulminant Prism          Conj/Hex       5%         3d7       63%         4
 Iskenderun's Mystic Bla  Conj/Tloc      11%        2d4       63%         4
 Freezing Cloud           Conj/Ice/Air   4%         6-21      97%         5
 Simulacrum               Ice/Necr       1%         N/A       100%        6
 Polar Vortex             Ice            1%         N/A       100%        9


Dungeon Overview and Level Annotations

Branches:
Dungeon (3/15)

Altars:

Shops:
D:2 ?:(=:

Annotations:
D:3 Ijyb


Innate Abilities, Weirdness & Mutations

You have extremely sharp teeth.
When hurt, damage is shared between your health and your magic reserves.
Your bite disrupts and absorbs the magic of your enemies.
Potions cannot restore your health.


Message History

The magic dart hits Ijyb.
Ijyb is heavily wounded.
Casting: Magic Dart (safe; 3% risk of failure)
Confirm with . or Enter, or press ? or * to list all spells.
Aiming: Magic Dart (safe; 3% risk of failure)
Press: ? - help, Shift-Dir - straight line, f/p - Ijyb
Aim: Ijyb, wielding a +0 club, wearing a +0 leather armour and carrying a wand of charming (2) (heavily wounded, 100% to hit)
The magic dart hits Ijyb but does no damage.
Ijyb is heavily wounded.
Casting: Magic Dart (safe; 3% risk of failure)
Confirm with . or Enter, or press ? or * to list all spells.
Aiming: Magic Dart (safe; 3% risk of failure)
Press: ? - help, Shift-Dir - straight line, f/p - Ijyb
Aim: Ijyb, wielding a +0 club, wearing a +0 leather armour and carrying a wand of charming (2) (heavily wounded, 100% to hit)
The magic dart hits Ijyb.
Ijyb is severely wounded.
You barely miss Ijyb. Your bite misses Ijyb.
Ijyb is severely wounded.
The ball python closely misses you. The ball python grabs you.
The ball python constricts you. Ijyb hits you with a +0 club.
You hit Ijyb but do no damage. You bite Ijyb, but do no damage.
Ijyb is severely wounded.
The ball python bites you. The ball python constricts you.
Ijyb hits you with a +0 club.
You hit Ijyb but do no damage.
Ijyb is severely wounded.
The ball python bites you but does no damage.
The ball python constricts you. Ijyb hits you with a +0 club.
* * * LOW HITPOINT WARNING * * *
You hit Ijyb but do no damage.
Ijyb is severely wounded.
The ball python bites you.
* * * LOW HITPOINT WARNING * * *
The ball python constricts you.
Ijyb zaps a wand.
Your will is overpowered!
You are confused.
The ball python's grasp on you weakens, but your attempt to escape fails.
The ball python closely misses you. The ball python constricts you.
* * * LOW HITPOINT WARNING * * *
The ball python bites you.
You die...

. .# # .. ..# #. .##..
?.#.# .#..# #....
#.... #.#g### ...#
#..S@.### ##..##.
.....#.....#####......
. ####..#.##.......#.#
.. ##...###......#.#
.. ###.....####.#.#
... ##.#.#####.#.##...
### ...#..............
....#.#########..#...
#.##.#########...###


You could see Ijyb and a ball python.

Vanquished Creatures
  An adder (D:2)
  3 worms (D:2)
  An orc (D:3)
  6 endoplasms
  A giant cockroach (D:2)
  3 goblins (D:1)
  4 hobgoblins
  3 kobolds
  2 ball pythons (D:2)
  3 bats
  3 frilled lizards (D:1)
  5 rats
35 creatures vanquished.

Notes
Turn   | Place    | Note
-------+----------+-------------------------------------------
     0 | D:1      | Twinkles the Vine Stalker Conjurer began the quest for the
                  | Orb.
     0 | D:1      | Reached XP level 1. HP: 9/9 MP: 4/4
    65 | D:1      | Found a faded altar of an unknown god.
   382 | D:1      | Reached XP level 2. HP: 14/14 MP: 4/6
   963 | D:2      | Found Pohizat's Book Boutique.
  1085 | D:2      | Reached XP level 3. HP: 17/17 MP: 4/7
  1147 | D:2      | Found Ideoz's Weapon Shoppe.
  1253 | D:2      | Reached skill level 1 in Fighting
  1528 | D:2      | Found Qouloivi's Book Boutique.
  1552 | D:2      | Learned a level 2 spell: Searing Ray
  1751 | D:2      | Found Pemor's Jewellery Emporium.
  1972 | D:2      | Found Kiwoar's Magic Scroll Shop.
  1993 | D:2      | Bought a scroll of identify for 22 gold pieces
  2479 | D:3      | Noticed Ijyb
  2491 | D:3      | Slain by a ball python

Illustrated notes

Levels and vault maps discovered:
D:1:      amcnicky_arrival_single_pillar, layout_basic,
          shapermc_ecumenical_altar_notcrosses
D:2:      layout_loops_corners, serial_shops, shop, shop,
          nicolae_shop_waterfront, nicolae_shop_hallway_stairs,
          nicolae_square_shop, nicolae_wormholes
D:3:      layout_rooms, serial_shops, shop, uniq_ijyb

Skill      XL: |  1  2  3 |
---------------+----------+-----
Dodging        | 2 |  2.0
Fighting       | 1 |  1.3
Stealth        | |  2.4
Spellcasting   | |  2.9
Conjurations   | |  4.4

Action                   || total
-------------------------++-------
Melee: Unarmed           ||     3
       Bite              ||     6
       Dagger            ||    12
       Punch             ||     1
 Cast: Magic Dart        ||    81
 Stab: Sleeping          ||     1
Armor: Robe              ||     1
       Leather armour    ||     1
Dodge: Dodged            ||     9
